 Dungeon Crawl Stone Soup version 0.29-a0-613-gf2c431b9b9 (webtiles) character file.

Game seed: 8300407566604870593

60 nrs142 the Skirmisher (level 4, 0/48 HPs)
             Began as an Ogre Gladiator on June 16, 2022.
             Was a Follower of Dithmenos.
             Slain by an orc
             ... wielding a +0 trident
              (7 damage)
             ... on level 3 of the Dungeon.
             The game lasted 00:02:57 (1822 turns).

nrs142 the Skirmisher (Ogre Gladiator)              Turns: 1822, Time: 00:02:57

Health: 0/48       AC:  3    Str: 20    XL:     4   Next: 4%
Magic:  4/4        EV: 10    Int:  9    God:    Dithmenos [*.....]
Gold:   59         SH:  0    Dex: 10    Spells: 3/3 levels left

rFire   . . .      SeeInvis .   a - +0 war axe
rCold   . . .      Faith    .   (no shield)
rNeg    . . .      Spirit   .   b - +0 robe
rPois   .          Reflect  .   c - +0 hat
rElec   .          Harm     .   j - scarf {repulsion}
rCorr   .          Rampage  .   (gloves unavailable)
Will    .....                   (boots unavailable)
Stlth   +.........              (no amulet)
HPRegen 0.16/turn               (no ring)
MPRegen 0.09/turn               (no ring)

@: confused, wreathed by umbra, repel missiles
A: large, unfitting armour, tough skin 1
a: Renounce Religion


You were on level 3 of the Dungeon.
You worshipped Dithmenos.
Dithmenos was aware of your devotion.
You visited 1 branch of the dungeon, and saw 3 of its levels.

You collected 59 gold pieces.

Inventory:

Hand Weapons
 a - a +0 war axe (weapon)
Missiles
 d - 3 throwing nets (quivered)
 e - a large rock
Armour
 b - a +0 robe (worn)
 c - a +0 hat (worn)
 j - a scarf of repulsion (worn)
Scrolls
 f - a scroll of magic mapping {unknown}
 l - 2 scrolls of teleportation {unknown}
 m - 2 scrolls of enchant weapon {unknown}
 n - a scroll of amnesia {unknown}
 o - 2 scrolls of identify {unknown}
 q - a scroll of fog {unknown}
Potions
 g - a potion of heal wounds {unknown}
 h - 2 potions of curing {unknown}
 i - a potion of invisibility {unknown}
 k - a potion of mutation {unknown}
 p - a potion of flight {unknown}
 r - a potion of degeneration {unknown}


   Skills:
 + Level 3.6 Fighting
 + Level 3.5 Axes
 + Level 2.7 Throwing
 + Level 3.1 Dodging


You had 3 spell levels left.
You didn't know any spells.
Your spell library contained the following spells:

 Spells                   Type           Power      Damage    Failure   Level
 Magic Dart               Conj           0%         1d3       38%         1
 Call Imp                 Summ           0%         N/A       52%         2
 Ensorcelled Hibernation  Hex/Ice        0%         N/A       52%         2
 Sublimation of Blood     Necr           0%         N/A       52%         2
 Wereblood                Tmut           0%         N/A       52%         2
 Mephitic Cloud           Conj/Pois/Air  0%         N/A       77%         3
 Spider Form              Tmut/Pois      0%         N/A       77%         3
 Anguish                  Hex/Necr       0%         N/A       99%         4
 Summon Hydra             Summ           0%         N/A       100%        7


Dungeon Overview and Level Annotations

Branches:
Dungeon (3/15)

Altars:
Dithmenos

Shops:
D:3 !


Innate Abilities, Weirdness & Mutations

You are too large for most types of armour.
You have tough skin. (AC +1)


Message History

Deactivating autopickup; reactivate with Ctrl-A.
You barely miss the orc.
The orc is lightly wounded.
The orc completely misses you.
You miss something. The orc barely misses you.
You hit the orc but do no damage. You hit something.
The orc closely misses you. The orc barely misses you.
You hear some strange, mumbled words.
You are confused.
You are too confused!
You closely miss the orc. You miss something.
The orc hits you with a +0 hand axe. The orc barely misses you.
You hear some strange, mumbled words.
A puff of flame appears from out of thin air!
The puff of flame hits you!
The orc hits you from afar with a +0 trident.
The orc closely misses you. Something hits you.
You completely miss something. You hit the orc but do no damage.
The orc hits you from afar with a +0 trident.
You hear some strange, mumbled words.
You are more confused.
The orc barely misses you. The orc attacks as you move away!
The orc hits you with a +0 hand axe. Something hits you.
An endoplasm comes into view.
Found an escape hatch in the floor.
The orc barely misses you.
You hear some strange, mumbled words.
Something tries to affect you, but you resist.
You're too confused to move!
The orc hits you but does no damage. The orc closely misses you.
Something hits you but does no damage.
The endoplasm jiggles.
The orc barely misses you. The orc hits you with a +0 trident.
Something hits you but does no damage.
You're too confused to move!
The orc hits you with a +0 hand axe. The orc hits you with a +0 trident.
* * * LOW HITPOINT WARNING * * *
Something hits you.
* * * LOW HITPOINT WARNING * * *
The orc attacks as you move away! The orc hits you with a +0 trident!
You die...

##### ###### .....#
#....# ..<..
#######....###..####
#...................
#..........o{o.....#
#...........@.#..#.#
#.............# .#
#.............# # #
#............J# .
#......######.# .
#......# .#
.####......# .#
†..........# >#
)......#####


You could see 2 orcs and an endoplasm.

Vanquished Creatures
  An adder (D:2)
  3 dart slugs (D:1)
  2 giant cockroaches
  5 goblins
  4 hobgoblins
  7 jackals
  7 kobolds
  3 ball pythons
  3 bats
  4 frilled lizards
  3 rats (D:1)
42 creatures vanquished.

Notes
Turn   | Place    | Note
-------+----------+-------------------------------------------
     0 | D:1      | nrs142 the Ogre Gladiator began the quest for the Orb.
     0 | D:1      | Reached XP level 1. HP: 22/22 MP: 1/1
   173 | D:1      | Reached XP level 2. HP: 17/29 MP: 2/2
   665 | D:1      | Reached XP level 3. HP: 32/37 MP: 3/3
  1198 | D:2      | Found a faded altar of an unknown god.
  1215 | D:2      | Prayed at the altar of an unknown god.
  1215 | D:2      | Became a worshipper of Dithmenos the Shadowed
  1215 | D:2      | Reached * piety under Dithmenos
  1696 | D:3      | Found Zig Kuiq's Distillery.
  1706 | D:3      | Reached XP level 4. HP: 34/46 MP: 4/4
  1822 | D:3      | Slain by an orc

Illustrated notes

Levels and vault maps discovered:
D:1:      denvon_arrival_hothouse, layout_loops_ring
D:2:      layout_loops_ring, chequers_ecumenical_altar_simple_redux
D:3:      layout_basic, serial_shops, nicolae_diamond_shop, uniq_ijyb

Skill      XL: |  1  2 |
---------------+-------+-----
Fighting       | 3 |  3.6
Dodging        | 3 |  3.1
Axes           | |  3.5
Throwing       | |  2.7

Action                   |  1- 3 |  4- 6 || total
-------------------------+-------+-------++-------
Melee: War axe           |   103 |     9 ||   112
Armor: Robe              |    35 |     3 ||    38
Dodge: Dodged            |    70 |    11 ||    81

Table legend: (Time is in decaauts)
 A = Elapsed time spent in this place.
 B = Non-inter-level travel time spent in this place.
 C = Inter-level travel time spent in this place.
 D = Time resting spent in this place.
 E = Time spent auto-exploring this place.
 F = Levels seen in this place.
 G = Mean time per level.
                   A        B        C        D        E       F      G
               +--------+--------+--------+--------+--------+-----+--------+
         Total |   1860 |   1799 |     61 |      0 |   1464 |   3 |  620.0 |
       Dungeon |   1860 |   1799 |     61 |      0 |   1464 |   3 |  620.0 |
               +--------+--------+--------+--------+--------+-----+--------+

Top non-repeatable levels by time:
     D:1: 949 daAuts
     D:2: 771 daAuts
     D:3: 139 daAuts
